 Dungeon Crawl Stone Soup version 0.31.0-11-ge490571c62 (webtiles) character file.

Game seed: 13313672554691983426

56 Drazool the Ruffian (level 3, -2/31 HPs)
             Began as a Naga Shapeshifter on Feb 4, 2024.
             Killed by divine providence
             ... invoked by an orc priest
              (12 damage)
             ... on level 3 of the Dungeon.
             The game lasted 00:03:35 (1660 turns).

Drazool the Ruffian (Naga Shapeshifter)             Turns: 1660, Time: 00:03:36

Health: -2/31      AC:  3    Str: 16    XL:     3   Next: 97%
Magic:  3/3        EV:  9    Int: 10    God:
Gold:   12         SH:  0    Dex: 12    Spells: 2/2 levels left

rFire   . .          .
                       - Unarmed
rCold   . . .        (no shield)
rNeg    . . .        i - +1 leather armour
rPois   +            (helmet currently unavailable)
rElec   .            (cloak currently unavailable)
rCorr   .            (gloves currently unavailable)
SInv    +            (no barding)
Will    .....        (no amulet)
Stlth   +            (no ring)
HPRegen 0.25/turn    (no ring)
MPRegen 0.08/turn

%: no passive effects
@: beast-form, very slow
A: beast (slay +1), AC +1, large, see invisible, deformed body, poison
resistance, slowness 2, spit poison 1, naga tail 1
a: Spit Poison, Begin Untransformation


You were on level 3 of the Dungeon.
You were a hulking beast.
You visited 1 branch of the dungeon, and saw 3 of its levels.

You collected 77 gold pieces.
You spent 65 gold pieces at shops.


Innate Abilities, Weirdness & Mutations

You are a hulking beast.
Your limbs bulge with bestial killing power. (Slay +1)
Your serpentine skin is tough. (AC +1)
You have supernaturally acute eyesight. (SInv)
Armour fits poorly on your strangely shaped body.
Your system is resistant to poisons. (rPois)
You cover ground very slowly.
You can spit poison.
You have a snake-like lower body.


   Skills:
 - Level 1.0 Fighting
 - Level 1.5 Dodging
 + Level 4.7 Unarmed Combat
 - Level 3.0 Shapeshifting


You had 2 spell levels left.
You didn't know any spells.
Your spell library contained the following spells:

 Spells                   Type           Power      Damage    Failure   Level
 Blink                    Tloc           0%         N/A       56%         2
 Cigotuvi's Dreadful Rot  Necr/Alch/Air  0%         N/A       56%         2
 Lesser Beckoning         Tloc           0%         N/A       56%         2
 Momentum Strike          Conj/Tloc      0%         3d8       56%         2
 Tukima's Dance           Hex            0%         N/A       80%         3
 Ignite Poison            Fire/Alch      0%         N/A       99%         4
 Passage of Golubria      Tloc           0%         N/A       99%         4
 Freezing Cloud           Conj/Ice/Air   0%         6-21      100%        5
 Yara's Violent Unravell  Hex/Alch       0%         3d3       100%        5

Inventory:

Armour
 i - a +1 leather armour (worn)
 l - a +2 pair of gloves
Talismans
 c - a beast talisman
 d - a flux talisman
Scrolls
 a - a scroll of amnesia
 f - 3 scrolls of poison
 j - a scroll of teleportation {@r2}
Potions
 b - 4 potions of lignification
 e - a potion of cancellation {unknown}
 g - 2 potions of heal wounds {unknown}
 h - a potion of curing {unknown}
 k - a potion of mutation {unknown}

Dungeon Overview and Level Annotations

Branches:
Dungeon (3/15)

Altars:

Shops:
D:2 ?

Annotations:
D:2 1 runed translucent door, Crazy Yiuf o

##### . ...##### #######
.#####.....# #.....#
o...##..>..# #)###.#
..#........#####.# #.#
....##....oo.ogoh# #.#
....##.###.####### #.#
...........# #.#
▓...######## #.### ▓...).#
####### #...# ▓.#.#.#
#.....# ####.###
▓.#.#.###.....#####..)...#
▓.#..............)...#.#.#
.....####................#


You could see an orc priest, 3 orcs and a hobgoblin.


Message History

An orc is wielding a +1 hand axe of freezing.
The orc shouts! x2; You hear a shout!
A hobgoblin comes into view.
The orc moves out of view.
An orc priest comes into view. It is wielding a +0 short sword.
The orc priest shouts!
An orc comes into view. It is wielding a +0 club.
Found a stone staircase leading down.
The orc attacks as it pursues you! The orc closely misses you.
The orc barely misses you. The orc attacks as it pursues you!
The orc hits you with a +1 hand axe of freezing.
The orc freezes you.
The orc shouts!
The orc priest calls down the wrath of Beogh upon you.
Beogh smites you! The orc attacks as it pursues you! The orc barely misses you.
The orc hits you with a +1 hand axe of freezing.
* * * LOW HITPOINT WARNING * * *
The orc freezes you.
* * * LOW HITPOINT WARNING * * *
The orc attacks as it pursues you!
The orc hits you with a +1 hand axe of freezing.
* * * LOW HITPOINT WARNING * * *
The orc freezes you.
* * * LOW HITPOINT WARNING * * *
The orc barely misses you.
The orc priest mumbles some strange prayers to Beogh against you.
Beogh smites you!
You die...

Skill      XL: |  1  2 |
---------------+-------+-----
Unarmed Combat | 4 |  4.7
Fighting       | |  1.0
Dodging        | |  1.5
Shapeshifting  | |  3.0

Action                     || total
---------------------------++-------
  Melee: Unarmed           ||    79
         Punch             ||     2
Ability: Spit Poison       ||    12
    Use: Scroll            ||     4
 Armour: Animal skin       ||    19
         Leather armour    ||    31
  Dodge: Dodged            ||    41

Levels and vault maps discovered:
D:1:      doesnt_arrival_eight_statues, layout_rooms, nrook_mini_vaults
D:2:      layout_loops_ring, nicolae_nh_oracle_at_delphi,
          uniq_crazy_yiuf_cottage
D:3:      layout_loops_cross, nicolae_elyvilon_peaceful_grove,
          mainiacjoe_overflow_surrounded_room, zin_treasury, minivault_5,
          glass_columns_a, uniq_pargi, uniq_grinder

Notes
Turn   | Place    | Note
-------+----------+-------------------------------------------
     0 | D:1      | Drazool the Naga Shapeshifter began the quest for the Orb.
     0 | D:1      | Reached XP level 1. HP: 18/18 MP: 1/1
    87 | D:1      | Reached XP level 2. HP: 20/25 MP: 2/2
   570 | D:2      | Reached skill level 4 in Unarmed Combat
   640 | D:2      | Reached XP level 3. HP: 17/31 MP: 3/3
   834 | D:2      | Found The Oracle's Delphic Readings.
   838 | D:2      | Bought a scroll of identify for 26 gold pieces
   838 | D:2      | Bought a scroll of teleportation for 39 gold pieces
  1151 | D:2      | Found a runed translucent door.
  1152 | D:2      | Noticed Crazy Yiuf
  1660 | D:3      | Killed from afar by an orc priest

Vanquished Creatures
  A gnoll (D:1)
  2 adders (D:2)
  2 orcs (D:3)
  2 endoplasms (D:2)
  2 goblins
  4 hobgoblins
  3 ball pythons (D:1)
  4 bats
  A frilled lizard (D:2)
  4 kobolds
  4 rats
29 creatures vanquished.

Table legend: (Time is in decaauts)
 A = Elapsed time spent in this place.
 B = Non-inter-level travel time spent in this place.
 C = Inter-level travel time spent in this place.
 D = Time resting spent in this place.
 E = Time spent auto-exploring this place.
 F = Levels seen in this place.
 G = Mean time per level.
                   A        B        C        D        E       F      G
               +--------+--------+--------+--------+--------+-----+--------+
         Total |   2170 |   2037 |    133 |      0 |   1731 |   3 |  723.3 |
       Dungeon |   2170 |   2037 |    133 |      0 |   1731 |   3 |  723.3 |
               +--------+--------+--------+--------+--------+-----+--------+

Top non-repeatable levels by time:
     D:2: 1314 daAuts
     D:1: 697 daAuts
     D:3: 158 daAuts

Table legend:
 A = Non-vault XP
 B = Vault XP
 C = Vault XP percentage of total XP
 D = Non-vault monster count
 E = Vault monster count
 F = Vault count percentage of total count
                 A         B        C        D         E       F
            +---------+---------+-------+---------+---------+-------
      Total |      77 |       4 |   4.9 |      27 |       2 |   6.9
            +---------+---------+-------+---------+---------+-------
        D:1 |      26 |       0 |   0.0 |      12 |       0 |   0.0
        D:2 |      43 |       4 |   8.5 |      12 |       2 |  14.3
        D:3 |       8 |       0 |   0.0 |       3 |       0 |   0.0
            +---------+---------+-------+---------+---------+-------
